 Dungeon Crawl Stone Soup version 0.29.1-2-gbd0b4ee654 (webtiles) character file.

Game seed: 11462631674292467234

76 warriortoast the Digger (level 4, -9/24 HPs)
             Began as a Gargoyle Earth Elementalist on Nov 2, 2022.
             Killed from afar by Robin (12 damage)
             ... with a bolt of light
             ... on level 2 of the Dungeon.
             The game lasted 00:03:56 (1858 turns).

warriortoast the Digger (GrEE)                      Turns: 1858, Time: 00:03:57

Health: -9/24      AC:  5    Str: 14    XL:     4   Next: 32%
Magic:  8/8        EV: 11    Int: 15    God:
Gold:   93         SH:  0    Dex: 10    Spells: 7/8 levels left

rFire   . . .      SeeInvis .   j - +2 dagger (protect)
rCold   . . .      Faith    .   (no shield)
rNeg    + . .      Spirit   .   a - +0 robe
rPois   ∞          Reflect  .   (no helmet)
rElec   +          Harm     .   (no cloak)
rCorr   +          Rampage  .   (no gloves)
Will    .....                   (no boots)
Stlth   ++........              (no amulet)
HPRegen 0.08/turn               c - ring of resist corrosion
MPRegen 0.11/turn               (no ring)

@: no status effects
A: sickness immunity, AC +3, negative energy resistance 1, electricity
resistance, torment resistance 1, petrification resistance
a: no special abilities


You were on level 2 of the Dungeon.
You visited 1 branch of the dungeon, and saw 2 of its levels.

You collected 93 gold pieces.

Inventory:

Hand Weapons
 e - a +0 dagger
 j - a +2 dagger of protection (weapon)
Armour
 a - a +0 robe (worn)
Jewellery
 c - a ring of resist corrosion (left hand)
 f - a +6 ring of dexterity
Scrolls
 d - 2 scrolls of teleportation {unknown}
 h - a scroll of summoning {unknown}
 i - a scroll of immolation {unknown}
 l - a scroll of identify {unknown}
Potions
 b - a potion of magic
 g - a potion of resistance {unknown}
 k - a potion of attraction {unknown}
 m - a potion of flight {unknown}


   Skills:
 - Level 1.5 Dodging
 - Level 2.1 Stealth
 + Level 2.6 Spellcasting
 + Level 1.9 Conjurations
 + Level 1.6 Transmutations
 + Level 4.3 Earth Magic


You had 7 spell levels left.
You knew the following spells:

 Your Spells              Type           Power      Damage    Failure   Level
a - Sandblast             Erth           30%        2d9       3%          1

Your spell library contained the following spells:

 Spells                   Type           Power      Damage    Failure   Level
 Passwall                 Tmut/Erth      8%         N/A       10%         2
 Stone Arrow              Conj/Erth      22%        3d8       17%         3
 Petrify                  Tmut/Erth      10%        N/A       52%         4
 Passage of Golubria      Tloc           1%         N/A       91%         4
 Silence                  Hex/Air        0%         N/A       99%         5
 Lehudib's Crystal Spear  Conj/Erth      5%         10d3      100%        8


Dungeon Overview and Level Annotations

Branches:
Dungeon (2/15)

Altars:

Annotations:
D:2 Robin


Innate Abilities, Weirdness & Mutations

You are immune to sickness and miasma.
Your stone body is resilient. (AC +3)
You are immune to poison.
You resist negative energy. (rN+)
You are resistant to electric shocks. (rElec)
You are resistant to unholy torment.
You are immune to petrification.


Message History

A goblin comes into view. It is wielding a +0 dagger.
Robin zaps a wand.
The bolt of light hits the goblin!
The goblin dies!
The bolt of light hits you!
Ouch! That really hurt!
Robin says, "A pitiful Gargoyle like you will never find the ORB!"
There is a stone staircase leading up here.
Robin misses you.
You climb upwards.
There is a stone staircase leading down here.
You start resting.
You start resting.
HP restored.
There is a stone staircase leading down here.
You climb downwards.
Level annotation: Robin
There is a stone staircase leading up here.
There is an open door here.
Items here: )))) ÷÷÷÷.
A hobgoblin comes into view.
The blast of sand hits the hobgoblin!
You kill the hobgoblin!
Magic restored.
You see here a hobgoblin corpse.
A frilled lizard and a quokka come into view.
The frilled lizard hisses angrily.
The blast of sand hits the frilled lizard!
You kill the frilled lizard!
The blast of sand hits the quokka.
You kill the quokka!
Robin shouts!
Robin zaps a wand.
The bolt of light hits you!!
Ouch! That really hurt!
* * * LOW HITPOINT WARNING * * *
You see here a frilled lizard corpse.
Robin laughs in a distinctly smug fashion.
An adder comes into view.
Robin zaps a wand.
The bolt of light hits you!
Ouch! That really hurt!
You die...

### ####.. # . ...
#. #.S.## #####
#..#.#..# #....
#.......# ### ###..
#..##.@###+##!# #..
#........#....###
#..
#.#####.....?...#
##### #...........#
#.... #.#.........#
#.### #.#....g....#
#...#
#...........#####.#
###.............†.#
...........#######


You could see Robin and an adder (asleep).

Vanquished Creatures
  A gnoll (D:1)
  2 worms (D:2)
  2 dart slugs (D:1)
  7 endoplasms
  3 giant cockroaches
  7 goblins
  5 hobgoblins
  2 jackals (D:1)
  3 quokkas (D:2)
  3 ball pythons (D:1)
  4 bats (D:1)
  2 frilled lizards
  5 kobolds
  5 rats
51 creatures vanquished.

Vanquished Creatures (others)
  A goblin (D:2)
  A plant (D:2)
2 creatures vanquished.

Grand Total: 53 creatures vanquished

Notes
Turn   | Place    | Note
-------+----------+-------------------------------------------
     0 | D:1      | warriortoast the Gargoyle Earth Elementalist began the
                  | quest for the Orb.
     0 | D:1      | Reached XP level 1. HP: 10/10 MP: 3/3
   126 | D:1      | Reached skill level 1 in Transmutations
   194 | D:1      | Reached XP level 2. HP: 15/15 MP: 3/5
   320 | D:1      | Reached skill level 1 in Conjurations
   520 | D:1      | Reached skill level 4 in Earth Magic
   520 | D:1      | Reached XP level 3. HP: 19/19 MP: 4/6
  1120 | D:2      | Reached XP level 4. HP: 22/24 MP: 0/7
  1446 | D:2      | Noticed Robin
  1858 | D:2      | Killed from afar by Robin

Illustrated notes

Levels and vault maps discovered:
D:1:      wander_arrival_chamber, layout_rooms
D:2:      layout_basic, serial_bayou_pond_c, kennysheep_generic_room_4,
          uniq_robin

Skill      XL: |  1  2 |
---------------+-------+-----
Transmutations | 1 |  1.6
Conjurations   | 1 |  1.9
Earth Magic    | 4 |  4.3
Dodging        | |  1.5
Stealth        | |  2.1
Spellcasting   | |  2.6

Action                   |  1- 3 |  4- 6 || total
-------------------------+-------+-------++-------
Melee: Dagger            |     3 |       ||     3
 Cast: Sandblast         |    51 |    18 ||    69
 Stab: Sleeping          |     1 |       ||     1
Armor: Robe              |     6 |       ||     6
Dodge: Dodged            |    16 |     5 ||    21
